 Dungeon Crawl Stone Soup version 0.19-a0-1065-gdac414d (webtiles) character file.

1476 useraccount the Slasher (level 8, -1/58 HPs)
             Began as a Demonspawn Fighter on Aug 3, 2016.
             Killed from afar by an electric eel (2 damage)
             ... with a bolt of electricity
             ... on level 6 of the Dungeon.
             The game lasted 00:07:14 (6918 turns).

useraccount the Slasher (Demonspawn Fighter)        Turns: 6918, Time: 00:07:14

Health: -1/58      AC: 18    Str: 19    XL:     8   Next: 49%
Magic:  8/8        EV:  7    Int:  9    God:
Gold:   222        SH: 10    Dex: 13    Spells: 0 memorised, 7 levels left

rFire  . . .     SeeInvis +     a - +0 long sword
rCold  . . .     Gourm    .     D - +0 chain mail
rNeg   . . .     Faith    .     c - +0 shield
rPois  .         Spirit   .     j - +1 hat
rElec  .         Dismiss  .     (no cloak)
rCorr  .         Reflect  .     (no gloves)
SustAt .         Harm     .     x - +0 pair of boots
MR     .....                    (no amulet)
Stlth  ..........               J - +5 ring of protection
                                z - ring of see invisible

@:
A: horns 1, iridescent scales 1, spiny 1
a: no special abilities


You were on level 6 of the Dungeon.
You were not hungry.

You visited 2 branches of the dungeon, and saw 7 of its levels.
You also visited: Ossuary.

You collected 246 gold pieces.
You spent 24 gold pieces at shops.

Inventory:

Hand Weapons
 a - a +0 long sword (weapon)
Armour
 c - a +0 shield (worn)
 j - a +1 hat (worn)
 m - a +0 large shield
 x - a +0 pair of boots (worn)
 D - a +0 chain mail (worn)
Jewellery
 n - an uncursed ring of fire
 z - a ring of see invisible (left hand)
 G - an uncursed ring of stealth
 J - a +5 ring of protection (right hand)
Wands
 w - a wand of disintegration (10/24)
 C - a wand of iceblast (3/15)
Scrolls
 b - 2 scrolls of magic mapping {unknown}
 e - 2 scrolls of recharging {unknown}
 g - a scroll of enchant weapon {unknown}
 h - a scroll of immolation {unknown}
 o - 2 scrolls of fear {unknown}
 q - 4 scrolls of remove curse
 t - a scroll of enchant armour {unknown}
 y - a scroll of noise {unknown}
 H - a scroll of summoning {unknown}
 I - a scroll of random uselessness {unknown}
 K - a scroll of fog {unknown}
 M - a scroll of blinking {unknown}
Potions
 d - a potion of might
 k - 3 potions of haste {unknown}
 l - a potion of agility
 p - 2 potions of curing {unknown}
 r - 2 potions of heal wounds {unknown}
 u - a potion of flight
 v - 4 potions of lignification {unknown}
 E - a potion of ambrosia {unknown}
Books
 F - an Akashic Record

   Spells                             Type                      Level
   a - Dispersal                      Translocation                6
   b - Malign Gateway                 Summoning/Translocation      7
   c - Disjunction                    Translocation                8
   d - Controlled Blink               Translocation                8
Comestibles
 f - 8 bread rations
 i - a slice of pizza
 s - 4 meat rations
 A - 4 fruits
 B - 2 royal jellies
 L - 5 chunks of flesh


   Skills:
 - Level 3.0 Fighting
 * Level 7.2 Long Blades
 + Level 3.2 Armour
 - Level 4.0 Dodging
 + Level 5.5 Shields


You had 7 spell levels left.
You didn't know any spells.

Dungeon Overview and Level Annotations

Branches:
Dungeon (6/15)             Temple (1/1) D:5

Altars:
Cheibriados
Fedhas
Kikubaaqudgha
Nemelex Xobeh
Okawaru
Pakellas
Qazlal
Ru
Sif Muna
Uskayaw
Xom

Shops:
D:4 ?


Innate Abilities, Weirdness & Mutations

You have a pair of small horns on your head.
You are partially covered in iridescent scales. (AC +2)
You are partially covered in sharp spines.


Message History

You closely miss the electric eel. Your headbutt misses the electric eel.
The electric eel is moderately wounded.
The electric eel shoots out a bolt of lightning at you!
The bolt of electricity hits you!
* * * LOW HITPOINT WARNING * * *
You are too injured to fight recklessly!
You are too injured to fight recklessly!
You are too injured to fight recklessly!
You hit the electric eel. Your headbutt misses the electric eel.
The electric eel is heavily wounded.
Your shield and chain mail prevent you from hitting the electric eel.
The electric eel is heavily wounded.
You hit the electric eel.
The electric eel is almost dead.
The electric eel shoots out a bolt of lightning at you!
The bolt of electricity hits you!
* * * LOW HITPOINT WARNING * * *
The electric eel shoots out a bolt of lightning at you!
The bolt of electricity hits you!
You die...

#..#....... #
####........# #
##...#....#### #
##..........## ######
#............# .....###
#............##
.......###..........P..#
.....#............≈≈≈♣.#
....(#####.....?@;≈≈≈≈♣.
##.### ########≈.≈≈≈..
♣♣.# .≈≈≈.≈. ♣≈.#
≈≈≈≈≈.. ...# ≈≈≈≈.≈.
♣♣.# P≈≈≈≈.. ♣♣.#
≈≈≈≈≈≈P ..# ≈.≈P≈≈. ###


You could see an electric eel.

Vanquished Creatures
  An ice beast (D:5)
  2 sky beasts (D:5)
  A phantom (D:4)
  An ogre (D:3)
  2 scorpions (Ossuary)
  2 crimson imps
  A giant frog zombie (D:6)
  2 orc priests (D:3)
  A centaur skeleton (D:4)
  3 iguanas
  Natasha (twice) (D:2)
  9 orc wizards
  4 worker ants
  2 hound skeletons
  4 gnolls (D:2)
  2 scorpion zombies (Ossuary)
  7 adders
  2 shadow imps
  An ooze (D:2)
  An adder skeleton (D:4)
  An adder zombie (D:1)
  2 worms
  2 giant geckos
  8 orcs
  7 bats
  A bat zombie (D:1)
  16 giant cockroaches
  9 goblins
  9 hobgoblins
  5 jackals
  4 kobolds
  6 quokkas
  9 giant newts
  A goblin zombie (Ossuary)
  A jackal skeleton (D:4)
  7 rats
138 creatures vanquished.

Vanquished Creatures (others)
  An adder (D:6)
1 creature vanquished.

Grand Total: 139 creatures vanquished

Notes
Turn   | Place    | Note
-------+----------+-------------------------------------------
     0 | D:1      | useraccount the Demonspawn Fighter began the quest for the Orb.
     0 | D:1      | Reached XP level 1. HP: 18/18 MP: 1/1
    47 | D:1      | Reached skill level 2 in Long Blades
    64 | D:1      | Gained mutation: You are partially covered in iridescent scales. (AC +2) [demonic ancestry]
    64 | D:1      | Reached XP level 2. HP: 21/24 MP: 2/2
   462 | D:1      | Reached XP level 3. HP: 29/29 MP: 3/3
   893 | D:2      | Reached skill level 3 in Long Blades
  1403 | D:2      | Reached XP level 4. HP: 34/35 MP: 4/4
  1610 | D:2      | Noticed Natasha
  1616 | D:2      | Reached skill level 1 in Dodging
  1624 | D:2      | Killed Natasha
  1624 | D:2      | Reached XP level 5. HP: 7/41 MP: 5/5
  1993 | D:2      | Noticed Natasha
  1997 | D:2      | Killed Natasha
  2436 | D:2      | Reached skill level 4 in Long Blades
  3078 | D:3      | Reached XP level 6. HP: 47/47 MP: 6/6
  3278 | D:3      | HP: 2/47 [orc priest/hand axe of electrocution (9)]
  3688 | D:3      | Found an iron altar of Okawaru.
  4110 | D:4      | Found a sand-covered staircase.
  4116 | Ossuary  | Entered an ossuary
  4133 | Ossuary  | Reached skill level 5 in Long Blades
  4410 | Ossuary  | Gained mutation: You are partially covered in sharp spines. [demonic ancestry]
  4410 | Ossuary  | Reached XP level 7. HP: 21/52 MP: 7/7
  4411 | Ossuary  | Noticed coldmonkey's ghost (amateur DgSk)
  4742 | D:4      | Found Korud's Magic Scroll Boutique.
  4756 | D:4      | Bought a scroll of identify for 24 gold pieces
  5107 | D:4      | Found a hide-covered altar of Uskayaw.
  5387 | D:4      | Reached skill level 6 in Long Blades
  5539 | D:4      | Reached skill level 5 in Shields
  5539 | D:4      | Gained mutation: You have a pair of small horns on your head. [demonic ancestry]
  5539 | D:4      | Reached XP level 8. HP: 54/58 MP: 8/8
  5671 | D:5      | Entered Level 5 of the Dungeon
  5974 | D:5      | Found a staircase to the Ecumenical Temple.
  5983 | Temple   | Entered the Ecumenical Temple
  6348 | D:5      | Reached skill level 7 in Long Blades
  6918 | D:6      | HP: 1/58 [electric eel/bolt of electricity (10)]
  6918 | D:6      | Killed from afar by an electric eel

Vault maps used:
D:1:      saegor_arrival_fortress
D:2:      minmay_roachtagon, uniq_natasha
D:3:      corner_web_ring, okawaru_metal_pillars_1_2
D:4:      marbit_many_paths, first_bread, serial_shops, shop_scrolls,
          nicolae_ossuary_entry_ruins, minmay_a_box_with_orc_wizards_in_it
D:6:      nicolae_overflow_crystal_walls, tso_oasis_becter,
          kennysheep_little_box, serial_bayou, serial_bayou_crossing,
          serial_bayou_pond_a, serial_bayou_pond_b, serial_bayou_ford_a,
          serial_shops, nicolae_shop_trees
Temple:   dpeg_chambers_temple
Ossuary:  ossuary_minmay_scorpions

Skill      XL: |  1  2  3  4  5  6  7  8 |
---------------+-------------------------+-----
Shields        | 3 4 5 |  5.5
Long Blades    | 2 3 4 5 6 7 |  7.2
Armour         | 3 |  3.2
Dodging        | 1 2 3 4 |  4.0
Fighting       | |  3.0

Action                   |  1- 3 |  4- 6 |  7- 9 || total
-------------------------+-------+-------+-------++-------
Melee: Long sword        |   158 |   306 |   186 ||   650
       Headbutt          |       |       |    14 ||    14
  Use: Scroll            |       |       |     5 ||     5
 Stab: Distracted        |       |       |     1 ||     1
  Eat: Chunk             |     1 |    10 |     9 ||    20
Armor: Scale mail        |    90 |    59 |       ||   149
       Chain mail        |       |    78 |    95 ||   173
Dodge: Dodged            |    63 |    82 |    35 ||   180
Block: Shield            |    93 |   153 |    73 ||   319
